AoeStats
← PenguinKetchup

African Clearing

506445197Analyzed
4v4 RM · 19d ago on Sep 13, 2026· 63m 54s· 8 players
Game mode
Random Map
Map size
Large (8 player)
Population
200
Speed
Normal
Resources
Standard
Victory
Conquest
Starting age
Dark Age
Ending age
Imperial Age
RankedLock teamsTeams togetherTeam positionsShared explorationLock speedFull tech treeHidden civsTurbo modeCheats
Victory
Defeat
🇪🇸 Persians · Spain
1254
+12
🇮🇹 Mapuche · Italy
1206
+14
🇺🇸 Inca · United States
1162
+16
🇪🇸 Slavs · Spain
1091
+18
🇹🇷 Koreans · Türkiye
1229
-18
🇺🇸 Portuguese · United States
1206
-17
🇲🇽 Magyars · Mexico
1137
-14
🇺🇸 Huns · United States
1054
-11
Zenar
3:42 Loom
13:13 Feudal Age
14:56 Double-Bit Axe
18:28 Forging
18:33 Champi Runner
20:19 Scale Mail Armor
25:07 Castle Age
24:08 Horse Collar
25:32 Arson
26:28 Squires
26:12 Pikeman
29:54 Champi Warrior
38:58 Wheelbarrow
43:46 Treadmill Crane
48:43 Bow Saw
50:04 Heavy Plow
55:03 Imperial Age
52:49 Hand Cart
56:48 Gold Mining
57:28 Crop Rotation
56:21 Elite Champi Warrior
57:18 Chain Mail Armor
56:26 Capped Ram
58:23 Iron Casting
59:27 Conscription
60:00 Plate Mail Armor
60:48 Gold Shaft Mining
60:07 Siege Ram
62:50 Blast Furnace
61:52 Halberdier
fran135
14:39 Feudal Age
19:53 Castle Age
18:12 Double-Bit Axe
18:11 Horse Collar
19:27 Stone Mining
21:36 Bow Saw
21:20 Gold Mining
25:01 Detinets
26:28 Heavy Plow
28:27 Gold Shaft Mining
29:51 Wheelbarrow
29:04 Loom
29:30 Fletching
29:52 Forging
29:48 Scale Barding Armor
31:57 Hand Cart
31:30 Town Watch
35:19 Imperial Age
32:58 Town Patrol
33:45 Iron Casting
36:24 Chain Barding Armor
36:14 Elite Boyar
38:00 Conscription
37:18 Pikeman
37:59 Squires
39:33 Blast Furnace
39:09 Plate Barding Armor
38:36 Scale Mail Armor
38:34 Bodkin Arrow
38:38 Halberdier
43:08 Chain Mail Armor
51:52 Plate Mail Armor
51:45 Druzhina
58:23 Two-Man Saw
59:31 Ballistics
Napopappone
3:01 Loom
12:12 Feudal Age
17:20 Castle Age
16:14 Double-Bit Axe
16:42 Stone Mining
18:49 Bow Saw
20:26 Fletching
26:58 Horse Collar
28:43 Heavy Plow
30:26 Forging
35:34 Iron Casting
35:22 Gold Mining
40:11 Imperial Age
38:31 Gold Shaft Mining
42:55 Imperial Age
41:03 Wheelbarrow
40:14 Town Watch
40:26 Champi Runner
41:42 Champi Warrior
42:32 Scale Mail Armor
46:20 Imperial Age
46:26 Elite Champi Warrior
46:54 Onager
47:57 Chain Mail Armor
48:43 Blast Furnace
50:06 Plate Mail Armor
51:27 Conscription
53:20 Bodkin Arrow
55:54 Chemistry
55:14 Ballistics
55:54 Capped Ram
58:49 Hand Cart
58:34 Town Patrol
62:32 Hoardings
63:49 Padded Archer Armor
Samuelduk2
5:38 Loom
14:56 Feudal Age
17:25 Town Watch
19:55 Castle Age
18:10 Stone Mining
20:17 Fletching
22:36 Double-Bit Axe
22:32 Horse Collar
23:51 Bow Saw
34:21 Wheelbarrow
33:55 Scale Barding Armor
35:11 Stone Shaft Mining
34:30 Gold Mining
38:17 Imperial Age
38:15 Scale Barding Armor
38:21 Forging
38:02 Cavalier
40:10 Conscription
40:41 Hand Cart
40:42 Bloodlines
40:36 Husbandry
40:28 Savar
42:22 Chain Barding Armor
42:59 Iron Casting
44:46 Plate Barding Armor
Age of Umpires II
6:08 Loom
17:53 Feudal Age
22:18 Castle Age
20:44 Double-Bit Axe
22:31 Bloodlines
22:28 Scale Barding Armor
23:50 Bow Saw
28:04 Wheelbarrow
29:04 Chain Barding Armor
36:15 Imperial Age
35:16 Ballistics
37:06 Scale Mail Armor
36:29 Pikeman
37:09 Halberdier
38:17 Chain Mail Armor
37:53 Fletching
39:11 Horse Collar
41:04 Plate Mail Armor
43:32 Bodkin Arrow
47:01 Chemistry
47:19 Light Cavalry
51:49 Arquebus
52:14 Heavy Plow
53:16 Two-Man Saw
52:54 Siege Engineers
54:06 Elite Organ Gun
57:04 Bombard Tower
PenguinKetchup
15:15 Feudal Age
17:30 Man-at-Arms
30:27 Castle Age
29:36 Gold Mining
29:36 Stone Mining
37:10 Double-Bit Axe
37:45 Horse Collar
38:46 Gold Shaft Mining
39:40 Bow Saw
41:03 Wheelbarrow
41:03 Heavy Plow
42:21 Hand Cart
45:19 Imperial Age
42:57 Husbandry
43:45 Bloodlines
43:46 Scale Barding Armor
43:51 Forging
44:37 Loom
44:39 Town Watch
45:48 Cavalier
46:46 Paladin
49:21 Conscription
49:09 Marauders
49:50 Parthian Tactics
49:33 Heavy Cavalry Archer
50:25 Thumb Ring
51:34 Padded Archer Armor
51:25 Fletching
52:10 Iron Casting
51:55 Chain Barding Armor
53:56 Leather Archer Armor
53:37 Bodkin Arrow
53:51 Light Cavalry
56:51 Town Patrol
57:28 Bracer
58:29 Blast Furnace
58:04 Plate Barding Armor
60:18 Sappers
63:03 Scale Mail Armor
63:28 Squires
63:14 Arson
63:02 Pikeman
Alfred the Great
13:03 Loom
15:57 Feudal Age
16:26 Double-Bit Axe
16:33 Gold Mining
22:55 Castle Age
21:30 Fishing Lines
22:06 Fletching
22:42 Stone Mining
24:28 Bow Saw
25:52 Bodkin Arrow
28:14 Gillnets
30:19 Horse Collar
30:56 Husbandry
32:50 Ballistics
34:38 Wheelbarrow
35:25 Scale Mail Armor
35:35 Forging
36:16 Wheelbarrow
36:09 Town Watch
37:03 Masonry
37:47 Hand Cart
44:28 Imperial Age
41:57 Pikeman
42:37 Squires
42:38 Scale Mail Armor
43:14 Iron Casting
42:52 Arson
44:34 Halberdier
45:30 Chain Mail Armor
44:51 Elite Fire Lancer
46:01 Man-at-Arms
46:26 Gambesons
46:55 Long Swordsman
48:06 Plate Mail Armor
49:10 Two-Man Saw
48:31 Two-Handed Swordsman
50:37 Two-Handed Swordsman
56:52 Bracer
57:11 Champion
58:43 Conscription
61:13 Elite War Wagon
Cuauhpilli
3:05 Loom
12:37 Feudal Age
14:54 Scale Barding Armor
19:02 Bloodlines
27:16 Castle Age
26:06 Double-Bit Axe
28:04 Husbandry
32:18 Thumb Ring
34:40 Fletching
35:18 Town Watch
42:22 Bow Saw
42:51 Ballistics
44:49 Murder Holes
51:12 Treadmill Crane
58:10 Corvinian Army
Connection lost

Rejoining the realm…

Still unreachable

The connection could not be restored.

Session expired

The server has moved on; the page needs a fresh start.